 Dungeon Crawl Stone Soup version 0.28-a0-723-g095bd1b44f (webtiles) character file.

Game seed: 14948907923473331797

2084 Sabo the Chopper (level 9, -5/69 HPs)
             Began as a Demonspawn Fighter on Oct 25, 2021.
             Was a Follower of Ashenzari.
             Slain by a wyvern zombie (12 damage)
             ... on level 7 of the Dungeon.
             The game lasted 00:33:39 (6442 turns).

Sabo the Chopper (Demonspawn Fighter)               Turns: 6442, Time: 00:33:40

Health: -5/69      AC: 15    Str: 19    XL:     9   Next: 6%
Magic:  9/9        EV:  8    Int: 10    God:    Ashenzari [*.....]
Gold:   328        SH:  5    Dex: 13    Spells: 8/8 levels left

rFire   . . .      SeeInvis .   a - +1 war axe (vorpal)
rCold   . . .      Faith    .   c - +0 buckler
rNeg    . . .      Spirit   .   i - +0 chain mail
rPois   .          Reflect  .   w - +2 hat
rElec   .          Harm     .   t - +2 cloak of Ashenzari's Portent {Stlth+, Range, Cun} (curse)
rCorr   .          Rampage  .   (no gloves)
Will    +....                   (no boots)
Stlth   ..........              (no amulet)
HPRegen 0.21/turn               D - ring of willpower
MPRegen 0.11/turn               q - ring of the Eye in the Sky {Slay+4, Self, Melee} (curse)

@: no status effects
A: hooves 1, horns 2, foul stench 1, demonic magic 2, weakness stinger 1
a: Renounce Religion, Shatter the Chains


You were on level 7 of the Dungeon.
You worshipped Ashenzari.
Ashenzari was aware of your devotion.
You visited 2 branches of the dungeon, and saw 8 of its levels.

You collected 328 gold pieces.

Inventory:

Hand Weapons
 a - a +1 vorpal war axe (weapon)
 b - a +1 whip of freezing
 s - a +4 quarterstaff of chaos
 A - a +1 vorpal falchion
 E - a +2 flail of protection
 F - a +0 war axe of freezing
Missiles
 h - 4 javelins (quivered)
 m - 22 bolts
 n - 82 arrows
 p - 17 sling bullets
 y - 18 poisoned darts
Armour
 c - a +0 buckler (worn)
 i - a +0 chain mail (worn)
 t - the cursed +2 cloak of Ashenzari's Portent (worn) {Stlth+, Range, Cun}
   (You took it off Crazy Yiuf on level 2 of the Dungeon)

   It has a curse which improves the following skills: Ranged Combat: Slings,
   Bows, Crossbows and Throwing.
   Cunning:   Dodging and Stealth.
 w - a +2 hat (worn)
Jewellery
 f - a ring of resist corrosion
 q - the cursed ring of the Eye in the Sky (right hand) {Slay+4, Self, Melee}
   (You found it on level 2 of the Dungeon)

   [ring of slaying]

   Slay:      It affects your accuracy & damage with ranged weapons and melee
   (+4).
   It has a curse which improves the following skills: Introspection: Fighting
   and Spellcasting.
   Melee Combat: Short Blades, Long Blades, Axes, Maces & Flails, Polearms,
   Staves and Unarmed Combat.
 D - a ring of willpower (left hand)
Wands
 d - a wand of flame (37)
 g - a wand of mindburst (8)
Scrolls
 k - 2 scrolls of magic mapping
 o - 2 scrolls of enchant armour
 u - a scroll of teleportation
 x - a scroll of fog
 B - a scroll of immolation
 C - 2 scrolls of blinking
Potions
 e - a potion of haste
 j - 2 potions of curing
 l - 2 potions of brilliance
 r - a potion of heal wounds
 v - a potion of mutation
 z - a potion of flight


   Skills:
 + Level 5.0(6.0) Fighting
 + Level 6.7(8.0) Axes
 + Level 2.7(5.6) Maces & Flails
 + Level 6.7 Armour
 + Level 1.7(2.5) Dodging
 + Level 1.2(1.9) Stealth
 + Level 4.0 Shields


You had 8 spell levels left.
You didn't know any spells.
Your spell library contained the following spells:

 Spells                   Type           Power      Damage    Failure   Level
 Corpse Rot               Necr/Air       0%         N/A       99%         2
 Poisonous Vapours        Pois/Air       0%         N/A       99%         2
 Gell's Gravitas          Tloc           0%         N/A       100%        3
 Teleport Other           Tloc           0%         N/A       100%        3
 Dispel Undead            Necr           0%         3d6       100%        4
 Death Channel            Necr           0%         N/A       100%        6
 Dispersal                Tloc           0%         N/A       100%        6


Dungeon Overview and Level Annotations

Branches:
Dungeon (7/15)             Temple (1/1) D:4

Altars:
Ashenzari
Cheibriados
Dithmenos
Elyvilon
Fedhas
Gozag
Hepliaklqana
Kikubaaqudgha
Nemelex Xobeh
Okawaru
Qazlal
Ru
Sif Muna
Trog
Uskayaw
Vehumet
Xom
Yredelemnul
Zin
The Shining One

Shops:
D:1 !


Innate Abilities, Weirdness & Mutations

You have large cloven feet.
You have a pair of horns on your head.
You may rarely emit foul miasma when damaged in melee.
Spells you cast may paralyse nearby enemies.
You have a small tail.


Message History

You hit the wyvern zombie. You barely miss Menkaure.
The wyvern zombie closely misses you. Menkaure hits you!
The gnoll hits you with a +0 halberd.
The wyvern zombie bites you but does no damage.
You closely miss the gnoll. You kick the gnoll. Your headbutt misses the gnoll.
The gnoll is almost dead.
You barely miss the wyvern zombie. You slash Menkaure!
Menkaure hits you but does no damage. You block the wyvern zombie's attack.
The gnoll hits you but does no damage.
You barely miss the gnoll. You kick the gnoll.
You kill the gnoll!
You hit Menkaure. You slash the wyvern zombie! Menkaure barely misses you.
The wyvern zombie bites you! Menkaure casts a spell at you.
You resist with some effort.
The wyvern zombie bites you but does no damage.
Your base Fighting skill increases to level 5!
You have reached level 9!
Your experience leads to an increase in your attributes!
Increase (S)trength, (I)ntelligence, or (D)exterity?
You feel stronger.
Your demonic ancestry asserts itself...
You begin to emit a foul stench of rot and decay.
You slash Menkaure!
You destroy Menkaure!
Your chain mail prevents you from hitting the wyvern zombie.
The wyvern zombie bites you!
* * * LOW HITPOINT WARNING * * *
Your Shields skill increases to level 4!
You block the wyvern zombie's attack. The ice beast barely misses you.
You hit the wyvern zombie.
You kick the wyvern zombie, but do no damage.
You tail-slap the wyvern zombie.
The wyvern zombie is severely damaged.
You closely miss the ice beast. The wyvern zombie closely misses you.
The ice beast hits you.
* * * LOW HITPOINT WARNING * * *
The ice beast freezes you.
* * * LOW HITPOINT WARNING * * *
The wyvern zombie bites you!
You die...

#.......# .....
#...Y...#...#.
.....
#.......#...'
......
#.......#...#
......
#.......#...#
#....
#.......#...#
#....
#.......#...#
#....
#.?.....#Z..#
#....
#.......Y@..#
#....
#......)#)..#
#....
#.......#...#
#....
#.......#...#
#....
#.......#...+
#....
#.......######
#....
########.....#
#####
#.....######+###
#..............#


You could see an ice beast and a wyvern zombie.

Vanquished Creatures
  Pikel (D:5)
  Sigmund (D:5)
  Menkaure (D:7)
  A water moccasin (D:6)
  Duvessa (D:5)
  An ice beast (D:5)
  A necrophage (D:4)
  3 ogres
  A lemure (D:5)
  A bullfrog (D:6)
  2 scorpions
  Dowan (D:5)
  A bullfrog zombie (D:5)
  A gnoll shaman (D:7)
  Crazy Yiuf (D:2)
  A centaur zombie (D:7)
  2 jellies
  An iguana (D:5)
  An orc wizard (D:4)
  A hound skeleton (D:4)
  10 adders
  4 gnolls (D:7)
  A shadow imp (D:7)
  A white imp (D:6)
  An adder skeleton (D:4)
  5 worms
  4 dart slugs
  5 orcs
  5 endoplasms
  4 giant cockroaches
  2 goblins
  6 hobgoblins
  5 quokkas
  7 ball pythons
  3 bats
  2 frilled lizards
  8 kobolds
  5 rats
102 creatures vanquished.

Vanquished Creatures (others)
  A fungus (D:2)
1 creature vanquished.

Grand Total: 103 creatures vanquished

Notes
Turn   | Place    | Note
-------+----------+-------------------------------------------
     0 | D:1      | Sabo the Demonspawn Fighter began the quest for the Orb.
     0 | D:1      | Reached XP level 1. HP: 18/18 MP: 1/1
   281 | D:1      | Discovered your monstrous ancestry.
   281 | D:1      | Gained mutation: You have a pair of small horns on your
                  | head. [demonic ancestry]
   281 | D:1      | Reached XP level 2. HP: 20/24 MP: 2/2
  1046 | D:2      | Reached XP level 3. HP: 29/29 MP: 3/3
  1457 | D:2      | Reached skill level 1 in Maces & Flails
  1473 | D:2      | Found a runed translucent door.
  1583 | D:2      | Gained mutation: Spells you cast may paralyse adjacent
                  | enemies. [demonic ancestry]
  1583 | D:2      | Reached XP level 4. HP: 35/35 MP: 4/4
  1960 | D:2      | Noticed Crazy Yiuf
  1967 | D:2      | Killed Crazy Yiuf
  2101 | D:3      | Found a hide-covered altar of Uskayaw.
  3373 | D:4      | Gained mutation: Spells you cast may paralyse nearby
                  | enemies. [demonic ancestry]
  3373 | D:4      | Reached XP level 5. HP: 41/41 MP: 5/5
  3541 | D:4      | Found a staircase to the Ecumenical Temple.
  3551 | Temple   | Entered the Ecumenical Temple
  3815 | Temple   | Became a worshipper of Ashenzari the Shackled
  4019 | D:4      | Found a shimmering altar of Xom.
  4020 | D:4      | Noticed an angel
  4128 | D:4      | Noticed a necrophage
  4143 | D:4      | Killed a necrophage
  4144 | D:4      | Gained mutation: You have a small tail. [demonic ancestry]
  4144 | D:4      | Reached XP level 6. HP: 47/47 MP: 6/6
  4559 | D:5      | Entered Level 5 of the Dungeon
  4584 | D:5      | Noticed Dowan
  4587 | D:5      | Noticed Duvessa
  4589 | D:5      | Killed Dowan
  4590 | D:5      | Reached skill level 1 in Dodging
  4601 | D:5      | Killed Duvessa
  4602 | D:5      | Reached skill level 1 in Stealth
  4932 | D:5      | Found a stormy altar of Qazlal.
  4941 | D:5      | Gained mutation: You have large cloven feet. [demonic
                  | ancestry]
  4941 | D:5      | Reached XP level 7. HP: 47/53 MP: 7/7
  5033 | D:5      | Found a faded altar of an unknown god.
  5036 | D:5      | Found a snail-covered altar of Cheibriados.
  5038 | D:5      | Found an ancient bone altar of Kikubaaqudgha.
  5207 | D:5      | Reached skill level 5 in Armour
  5470 | D:5      | Noticed Pikel
  5471 | D:5      | Noticed Sigmund
  5476 | D:5      | Killed Pikel
  5477 | D:5      | Gained mutation: You have a pair of horns on your head.
                  | [demonic ancestry]
  5477 | D:5      | Reached XP level 8. HP: 41/61 MP: 8/8
  5483 | D:5      | Killed Sigmund
  5484 | D:5      | Reached skill level 5 in Axes
  5890 | D:6      | Reached * piety under Ashenzari
  6426 | D:7      | Noticed Menkaure
  6440 | D:7      | Reached skill level 5 in Fighting
  6440 | D:7      | Gained mutation: You may rarely emit foul miasma when
                  | damaged in melee. [demonic ancestry]
  6440 | D:7      | Reached XP level 9. HP: 23/69 MP: 9/9
  6440 | D:7      | Killed Menkaure
  6442 | D:7      | Slain by a wyvern zombie

Illustrated notes

Levels and vault maps discovered:
D:1:      wander_arrival_lonely_grave, layout_loops_cross, serial_shops, shop
D:2:      layout_loops_ring, uniq_crazy_yiuf_cottage
D:3:      minmay_door_path, layout_basic, mainiacjoe_overflow_small_starburst
D:4:      cheibrodos_helix_gallery, layout_basic,
          grunt_temple_overflow_order_and_chaos_1, minmay_temple_entry_overgrown
D:5:      layout_basic, chequers_temple_overflow_minitemple, grunt_ministairs_2,
          minmay_misc_feat_five, dk_noncrumbling_3, uniq_sigmund, uniq_pikel,
          uniq_duvessa
D:6:      layout_basic, lemuel_flamethrower_1
D:7:      layout_gridville, uniq_menkaure, uniq_prince_ribbit1
Temple:   nicolae_temple_figure_eight

Skill      XL: |  1  2  3  4  5  6  7  8  9 |
---------------+----------------------------+-----
Armour         | 3 4 5 6 |  6.7
Axes           | 2 4 6 |  6.7
Shields        | 3 4 |  4.0
Maces & Flails | 1 2 |  2.7
Dodging        | 1 |  1.7
Stealth        | 1 |  1.2
Fighting       | 4 5 |  5.0

Action                   |  1- 3 |  4- 6 |  7- 9 || total
-------------------------+-------+-------+-------++-------
Melee: War axe           |    11 |    51 |    71 ||   133
       Whip              |    74 |    52 |       ||   126
       Headbutt          |     9 |    20 |    14 ||    43
       Tailslap          |       |     5 |     9 ||    14
       Kick              |       |       |    28 ||    28
Invok: Curse Item        |       |     1 |     1 ||     2
  Use: Scroll            |       |     4 |       ||     4
       Potion            |       |     1 |     1 ||     2
Armor: Scale mail        |     3 |       |       ||     3
       Chain mail        |    38 |    61 |    38 ||   137
Dodge: Dodged            |    23 |    30 |    25 ||    78
Block: Buckler           |    11 |    18 |    11 ||    40

Table legend: (Time is in decaauts)
 A = Elapsed time spent in this place.
 B = Non-inter-level travel time spent in this place.
 C = Inter-level travel time spent in this place.
 D = Time resting spent in this place.
 E = Time spent auto-exploring this place.
 F = Levels seen in this place.
 G = Mean time per level.
                   A        B        C        D        E       F      G
               +--------+--------+--------+--------+--------+-----+--------+
         Total |   6497 |   6497 |      0 |   1221 |      0 |   8 |  812.1 |
       Dungeon |   6173 |   6173 |      0 |   1221 |      0 |   7 |  881.9 |
        Temple |    323 |    323 |      0 |      0 |      0 |   1 |  323.0 |
               +--------+--------+--------+--------+--------+-----+--------+

Top non-repeatable levels by time:
     D:2: 1415 daAuts
     D:5: 1278 daAuts
     D:3: 1254 daAuts
     D:4: 897 daAuts
     D:1: 689 daAuts
     D:6: 515 daAuts
  Temple: 323 daAuts
     D:7: 124 daAuts
